 Dungeon Crawl Stone Soup version 0.22.1-2-g9c5b331383 (webtiles) character file.

78 McIrco the Shield-Bearer (level 4, -16/35 HPs)
             Began as a Formicid Fighter on Jan 5, 2019.
             Demolished by an ogre
             ... wielding a +0 giant club
              (19 damage)
             ... on level 2 of the Dungeon.
             The game lasted 00:01:59 (848 turns).

McIrco the Shield-Bearer (Formicid Fighter)          Turns: 848, Time: 00:01:59

Health: -16/35     AC: 11    Str: 22    XL:     4   Next: 61%
Magic:  4/4        EV:  6    Int:  7    God:
Gold:   38         SH: 10    Dex: 10    Spells: 3/3 levels left

rFire    . . .     SeeInvis +   a - +0 long sword
rCold    + . .     Gourm    .   c - +0 shield
rNeg     . . .     Faith    .   m - +2 chain mail {rC+}
rPois    .         Spirit   .   (helmet unavailable)
rElec    .         Reflect  .   (no cloak)
rCorr    .         Harm     .   (no gloves)
MR       .....                  (no boots)
Stlth    ..........             (no amulet)
HPRegen  0.11/turn              (no ring)
MPRegen  0.09/turn              (no ring)

@: drained
A: permanent stasis, dig shafts and tunnels, four strong arms, antennae 3
a: Dig, Shaft Self


You were on level 2 of the Dungeon.
You were not hungry.

You visited 1 branch of the dungeon, and saw 2 of its levels.

You collected 38 gold pieces.

Inventory:

Hand Weapons
 a - a +0 long sword (weapon)
Armour
 b - a +0 scale mail
 c - a +0 shield (worn)
 m - a +2 chain mail of cold resistance (worn)
Jewellery
 o - an uncursed ring of poison resistance {unknown}
Scrolls
 g - 2 scrolls of enchant weapon {unknown}
 j - 2 scrolls of amnesia {unknown}
 k - 2 scrolls of identify {unknown}
 l - a scroll of random uselessness {unknown}
 n - a scroll of blinking {unknown}
Potions
 d - 2 potions of might
 e - a potion of flight {unknown}
 h - a potion of lignification {unknown}
 i - a potion of agility {unknown}
Comestibles
 f - 2 rations


   Skills:
 - Level 3.2(2.8) Fighting
 - Level 2.0(1.6) Long Blades
 + Level 4.1(3.7) Armour
 * Level 5.4(5.0) Shields


You had 3 spell levels left.
You didn't know any spells.
Your spell library contained the following spells:

 Spells                   Type           Power        Failure   Level  Hunger
 Corona                   Hex            #......      100%        1    ##.....
 Ensorcelled Hibernation  Hex/Ice        #.....       100%        2    ###....
 Confuse                  Hex            #.......     100%        3    ####...
 Dazzling Spray           Conj/Hex       #.....       100%        3    ####...
 Tukima's Dance           Hex            #.......     100%        3    ####...


Dungeon Overview and Level Annotations

Branches:
Dungeon (2/15)

Altars:


Innate Abilities, Weirdness & Mutations

You cannot be hasted, slowed, berserked, paralysed or teleported.
You can dig through walls and to a lower floor.
Your four strong arms can wield two-handed weapons with a shield.
You have a pair of large antennae on your head. (SInv)


Message History

* * * LOW HITPOINT WARNING * * *
You are too injured to fight recklessly!
You are too injured to fight recklessly!
You are too injured to fight recklessly!
You are too injured to fight recklessly!
You are too injured to fight recklessly!
You are too injured to fight recklessly!
You are too injured to fight recklessly!
You are too injured to fight recklessly!
You are too injured to fight recklessly!
You are too injured to fight recklessly!
You are too injured to fight recklessly!
You are too injured to fight recklessly!
You are too injured to fight recklessly!
You are too injured to fight recklessly!
You slash the ogre!
The ogre is moderately wounded.
The ogre hits you with a giant club!!
Ouch! That really hurt!
You die...

#.# #.# #.#
#.# ##.###.#
#.####.#######
######...##.#
#.##..........
#.........#.#
#.##.#.#######
#.####<[..#.#
####.##.#.#
............#
#.......#.#
..#####.#.###
#.#####.#.#
### #....#
##.# #.#.#
#.#.<# #.@#
#.... #...#.
#.O# #.###
##.###. #..#
#.# ## #...
..# #.## .# #.
#. #.


You could see an ogre.

Vanquished Creatures
  2 adders (D:2)
  3 oozes
  3 leopard geckos
  3 giant cockroaches
  8 goblins
  A hobgoblin (D:1)
  4 jackals (D:1)
  A quokka (D:2)
  A ball python (D:1)
  7 bats
  2 frilled lizards (D:1)
  4 kobolds
  3 rats
42 creatures vanquished.

Notes
Turn   | Place    | Note
-------+----------+-------------------------------------------
     0 | D:1      | McIrco the Formicid Fighter began the quest for the Orb.
     0 | D:1      | Reached XP level 1. HP: 18/18 MP: 1/1
    57 | D:1      | Reached skill level 4 in Shields
    59 | D:1      | Reached XP level 2. HP: 9/24 MP: 2/2
   343 | D:1      | Reached XP level 3. HP: 28/29 MP: 3/3
   706 | D:2      | Reached skill level 5 in Shields
   706 | D:2      | Reached XP level 4. HP: 32/35 MP: 4/4
   844 | D:2      | Noticed an ogre
   848 | D:2      | Demolished by an ogre

Skill      XL: |  1  2  3 |
---------------+----------+-----
Shields        | 4 5 |  5.4
Armour         | 4 |  4.1
Fighting       | |  3.2
Long Blades    | |  2.0

Action                   |  1- 3 |  4- 6 || total
-------------------------+-------+-------++-------
Melee: Long sword        |    93 |    40 ||   133
Armor: Scale mail        |    36 |       ||    36
       Chain mail        |    10 |    26 ||    36
Dodge: Dodged            |    36 |    13 ||    49
Block: Shield            |    71 |    29 ||   100
       Rpst.: Long sword |    12 |     2 ||    14
